Map: Romanticide LE

Players

Denver

  • Race: Zerg Zerg
  • League: Master

uwuThermal (uThermal) - Winner!

  • Race: Terran Terran
  • League: Master

Event: DreamHack SC2 Masters 2021 Summer

VOD

Have the link to the VOD?

Description

Time

  • Played on: May 27, 2021, 12:41 p.m.
  • Length: 10:28

All games in this series

Show
View Real Time Build Order
Export as new Build Order

Denver Zerg 

Build Orders: Pool First 

Get SALT Encoding   

  12  0:00  Drone  
  13  0:12  Overlord  
  13  0:16  Drone  
  14  0:31  Drone x2  
  16  0:40  Spawning Pool  
  15  0:44  Drone  
  15  0:48  Drone  
  17  1:09  Hatchery  
  16  1:11  Drone  
  17  1:27  Queen  
  17  1:28  Zergling x4  
  17  1:31  Extractor  
  20  1:33  Drone  
  21  1:40  Overlord  
  21  1:50  Roach Warren  
  20  1:56  Zergling x2  
  21  2:03  Zergling x2  
  22  2:12  Zergling x2  
  23  2:21  Queen  
  25  2:31  Roach x2  
  25  2:35  Zergling x6  
  30  2:40  Drone  
  31  2:48  Drone  
  31  2:49  Drone x2  
  34  3:03  Drone x2  
  30  3:07  Drone  
  30  3:11  Metabolic Boost  
  31  3:15  Roach  
  31  3:16  Roach  
  35  3:21  Drone  
  36  3:39  Drone x2  
  36  3:40  Overlord  
  36  3:45  Evolution Chamber  
  32  3:50  Drone x4  
  32  3:53  Overlord  
  37  3:56  Overlord  
  37  4:01  Drone x3  
  40  4:06  Pneumatized Carapace  
  40  4:10  Zergling x4  
  42  4:22  Hatchery  
  41  4:26  Zergling x4  
  41  4:29  Drone x2  
  45  4:32  Drone  
  45  4:33  Drone  
  47  4:40  Overlord  
  46  4:51  Drone x6  
  51  4:54  Queen  
  51  4:55  Extractor  
  51  4:57  Overlord  
  52  5:00  Drone  
  52  5:03  Roach x2  
  52  5:06  Overlord  
  57  5:11  Queen  
  59  5:14  Overlord  
  59  5:21  Overlord  
  59  5:28  Drone x6  
  65  5:36  Lair  
  65  5:41  Roach x4  
  73  5:47  Roach x2  
  77  5:55  Zergling x12  
  83  5:57  Drone x2  
  83  5:59  Drone  
  83  6:04  Drone  
  87  6:11  Drone x2  
  87  6:15  Drone  
  87  6:18  Overlord x2  
  88  6:23  Extractor, Queen  
  88  6:24  Overlord  
  89  6:30  Drone x2, Overlord  
  89  6:31  Overlord  
  90  6:35  Overseer  
  90  6:36  Drone, Overlord  
  90  6:37  Drone x4  
  95  6:41  Spore Crawler  
  95  6:45  Drone  
  95  6:46  Drone x2  
  97  6:48  Evolution Chamber  
  97  6:49  Baneling Nest  
  97  6:50  Drone x2  
  97  6:51  Evolution Chamber  
  96  7:03  Hatchery  
  96  7:06  Drone x4  
  96  7:07  Overlord  
  99  7:09  Extractor x2  
  99  7:10  Zergling x4  
  99  7:14  Zerg Melee Weapons Level 1  
  99  7:15  Zergling x10  
  103  7:21  Zerg Ground Armor Level 1  
  104  7:23  Extractor  
  104  7:25  Ravager x3  
  104  7:27  Drone x5  
  110  7:37  Drone x2  
  110  7:39  Queen  
  110  7:43  Zergling x2  
  107  7:50  Drone x9  
  116  7:52  Overlord  
  116  7:54  Centrifical Hooks  
  116  7:55  Glial Reconstitution  
  116  7:58  Zergling x2, Roach  
  119  8:01  Overlord  
  119  8:09  Roach x2  
  119  8:11  Overlord  
  124  8:12  Zergling x2  
  124  8:13  Zergling x10  
  129  8:25  Zergling x8  
  129  8:26  Overlord  
  133  8:28  Zergling x2  
  133  8:40  Drone x8  
  130  8:48  Zergling x14  
  126  8:53  Queen  
  126  8:54  Zergling x4  
  121  8:58  Spire  
  121  8:59  Drone  
  121  9:00  Queen  
  121  9:06  Drone x3, Queen  
  114  9:16  Zergling x12  
  115  9:22  Zergling x8  
  112  9:33  Spore Crawler  
  112  9:34  Zergling x8  
  112  9:35  Overseer  
  114  9:39  Zergling x6  
  114  9:45  Zergling x10  
  121  9:48  Drone, Queen  
  121  9:52  Drone  
  117  9:56  Drone x2  
  123  10:04  Zergling x12  
  123  10:06  Drone  
  117  10:09  Drone  
  117  10:10  Drone x3  
Show
View Real Time Build Order
Export as new Build Order

uwuThermal Terran - Winner!

Build Orders:  

Get SALT Encoding   

  12  0:00  SCV  
  13  0:12  SCV  
  14  0:17  Supply Depot  
  14  0:24  SCV  
  15  0:40  Barracks  
  15  0:50  Barracks  
  15  0:54  SCV  
  16  1:06  SCV  
  16  1:08  Refinery  
  17  1:18  SCV  
  18  1:28  Marine  
  18  1:30  Orbital Command  
  19  1:34  Supply Depot  
  19  1:37  Marine  
  20  1:45  Marine  
  21  1:56  Marine  
  21  1:58  SCV  
  23  2:03  Bunker, Marine  
  24  2:12  Factory  
  24  2:14  SCV  
  25  2:17  Marine  
  25  2:21  Marine  
  27  2:26  SCV  
  28  2:35  Marine  
  28  2:38  SCV  
  28  2:39  Marine  
  29  2:56  Supply Depot  
  29  2:57  Factory Tech Lab, Marine  
  30  3:01  Marine  
  30  3:02  SCV  
  30  3:17  Cyclone  
  30  3:18  SCV  
  34  3:24  Refinery  
  34  3:32  Command Center  
  32  3:34  SCV  
  28  3:53  SCV  
  28  3:55  Starport  
  27  4:00  Factory Reactor  
  27  4:05  SCV  
  28  4:17  SCV  
  28  4:18  Command Center  
  29  4:25  Marine  
  29  4:26  Stimpack  
  29  4:29  SCV  
  31  4:33  Marine  
  31  4:37  Hellion x2  
  36  4:41  SCV  
  37  4:50  Marine  
  37  4:52  Orbital Command, Marine  
  39  4:55  Medivac  
  39  4:59  Hellion  
  43  5:04  Hellion  
  43  5:06  SCV  
  46  5:10  Marine  
  46  5:12  Orbital Command  
  47  5:19  SCV  
  48  5:26  Starport Reactor  
  48  5:28  Marine  
  49  5:30  Marine x2  
  49  5:31  SCV  
  49  5:33  Factory Reactor  
  49  5:35  Orbital Command  
  52  5:40  SCV  
  53  5:43  SCV  
  53  5:45  Marine  
  53  5:48  Barracks  
  55  5:51  Marine x2  
  55  5:52  SCV  
  55  5:55  SCV  
  59  5:59  Supply Depot  
  59  6:01  SCV  
  59  6:03  Marine  
  61  6:04  SCV  
  61  6:07  SCV  
  63  6:13  SCV, Marine  
  63  6:16  Medivac x2  
  69  6:20  SCV, Marine, Combat Shield  
  69  6:21  Factory Tech Lab  
  69  6:22  SCV  
  72  6:28  Marine  
  72  6:29  Orbital Command  
  72  6:31  Marine  
  74  6:34  SCV  
  74  6:39  SCV  
  76  6:40  Engineering Bay  
  76  6:41  Refinery, Engineering Bay  
  76  6:44  Refinery, Marine  
  76  6:45  Marine  
  76  6:46  SCV  
  79  6:51  Medivac  
  79  6:54  Medivac, Supply Depot  
  83  6:57  Marine  
  83  6:58  Marine  
  85  7:09  Supply Depot  
  85  7:11  Terran Infantry Weapons Level 1  
  85  7:12  Terran Infantry Armor Level 1  
  85  7:16  SCV x3, Marine x2  
  85  7:18  Marine, Supply Depot  
  85  7:22  Marine x2  
  93  7:30  SCV x3, Factory Reactor  
  93  7:34  Marine  
  96  7:37  Marine  
  96  7:38  Marine, Medivac  
  96  7:43  SCV x2  
  102  7:45  Barracks x2  
  102  7:50  SCV  
  102  7:51  Marine  
  102  7:53  Medivac, Supply Depot  
  102  7:54  Marine  
  102  7:56  Marine  
  102  7:57  SCV  
  108  7:59  Marine  
  108  8:05  Supply Depot  
  109  8:11  Supply Depot  
  109  8:15  Widow Mine x2, SCV x2  
  109  8:16  Armory  
  109  8:17  SCV  
  116  8:20  Marine  
  116  8:26  Marine, Medivac  
  120  8:27  Marine  
  120  8:28  Supply Depot  
  120  8:30  SCV  
  120  8:32  Marine  
  121  8:37  Marine  
  121  8:39  Marine  
  121  8:40  Marine, Medivac  
  118  8:42  Marine  
  118  8:44  Marine  
  118  8:45  Marine  
  118  8:46  SCV  
  118  8:48  Widow Mine x2  
  126  8:50  Marine  
  126  8:54  Marine  
  124  8:56  Medivac  
  124  8:58  Marine  
  124  9:00  Marine  
  127  9:02  Marine  
  127  9:07  Marine  
  127  9:09  SCV  
  126  9:10  Medivac  
  126  9:11  Command Center  
  126  9:17  Marine  
  126  9:21  Marine  
  126  9:22  Marine  
  122  9:27  Widow Mine x2, Marine  
  122  9:29  Medivac  
  130  9:32  Barracks Reactor x2  
  130  9:35  Marine  
  130  9:43  SCV, Marine x2  
  130  9:45  Factory, Marine  
  133  9:47  Marine  
  133  9:51  Widow Mine x2  
  133  9:52  Marine  
  133  9:56  Supply Depot  
  129  10:01  Marine x2  
  129  10:03  Marine  
  129  10:05  Marine  
Tags
 
Add a new tag
Caveats
  • Supply blocks, unpowered buildings, or Contaminate may cause inaccurate times.
  • Supply counts are checked every 10 seconds.